AoeStats
← dobled2daoe

Arabia

508090991Analyzed
4v4 RM · 11d ago on Sep 20, 2026· 20m 38s· 8 players
Game mode
Random Map
Map size
Large (8 player)
Population
200
Speed
Normal
Resources
Standard
Victory
Conquest
Starting age
Dark Age
Ending age
Imperial Age
RankedLock teamsTeams togetherTeam positionsShared explorationLock speedFull tech treeHidden civsTurbo modeCheats
Victory
Defeat
🇦🇷 Huns · Argentina
1355
+14
🇨🇦 Koreans · Canada
1289
+17
🇲🇽 Maya · Mexico
1274
+18
🇨🇳 Mongols · China
1265
+17
🇹🇷 Poles · Türkiye
1318
-17
🇨🇴 Vietnamese · Colombia
1309
-17
🇬🇧 Lithuanians · United Kingdom
1305
-16
🇪🇸 Wei · Spain
1305
-16
boluwatifeajibade
5:58 Loom
8:29 Feudal Age
12:17 Double-Bit Axe
12:42 Horse Collar
dobled2daoe
1:35 Loom
21:31 Feudal Age
Never_Enough
8:36 Loom
10:47 Feudal Age
15:30 Castle Age
14:26 Scale Barding Armor
15:21 Bloodlines
16:11 Double-Bit Axe
BoBa
2:54 Loom
10:39 Feudal Age
12:21 Double-Bit Axe
12:18 Horse Collar
Ringo
0:27 Loom
13:13 Feudal Age
14:10 Double-Bit Axe
17:16 Fletching
18:15 Padded Archer Armor
20:33 Gold Mining
Coach_E
1:06 Loom
9:53 Feudal Age
11:43 Double-Bit Axe
15:27 Fletching
Ver.Zhang
8:40 Feudal Age
10:23 Double-Bit Axe
11:32 Loom
15:56 Wheelbarrow
18:09 Forging
19:28 Horse Collar
22:12 Castle Age
20:07 Gold Mining
21:06 Scale Barding Armor
Lord_Wilfredo
7:29 Loom
10:13 Feudal Age
10:47 Double-Bit Axe
11:44 Horse Collar
16:04 Wheelbarrow
20:19 Castle Age
19:55 Bloodlines
19:37 Fletching
20:21 Padded Archer Armor
21:10 Bow Saw
21:08 Scale Barding Armor
Connection lost

Rejoining the realm…

Still unreachable

The connection could not be restored.

Session expired

The server has moved on; the page needs a fresh start.